Workbook
Name _Hlk24883099: Matriz!$A$6
Name _Hlk500085866: Instrucciones!$A$30
Name _Toc17790525: Tablas!$A$5
Name _Toc17790526: Tablas!$J$46
Name _Toc17790527: Tablas!$B$51
Name _Toc17790530: Tablas!$J$18
Name _Toc17790531: Tablas!$J$42
Name a: [1]Hoja2!$G$15:$I$39
Name a: [1]Hoja2!$G$15:$I$39
Name a: [2]Hoja2!$G$15:$I$39
Name zona_riesgo: [1]Hoja2!$G$15:$I$39
Name zona_riesgo: [1]Hoja2!$G$15:$I$39
Name zona_riesgo: [3]Hoja2!$G$15:$I$39

Sheet Matriz
E1: MATRIZ DE RIESGO CONTRACTUALES | W1: Código: GAB-FT020
E2: GESTIÓN DEL ABASTECIMIENTO | W2: Versión: 001
D4: CLASIFICACIÓN DE LA INFORMACIÓN | G4: X | I4: PÚBLICA | P4: CLASIFICADA | S4: RESERVADA
A6: Identificación | K6: Análisis y Valoración | P6: Tratamiento | X6: Monitoreo y revisión
A7: N° | B7: Proceso Contractual | C7: Fecha de identificación | D7: Descripción | G7: Clase | H7: Fuente | I7: Etapa | J7: Tipo | K7: Estimación riesgo sin tratamientos | O7: Responsable del Riesgo | P7: Tratamiento / Control a ser implementado | Q7: Estimación riesgo con tratamientos propuestos | U7: Responsable del Tratamiento | V7: ¿Cuándo se inicia el tratamiento? | W7: ¿Cuándo se completa el tratamiento? | X7: ¿Cómo se realiza el monitoreo? | Y7: Periodicidad
D8: Descripción del Riesgo | E8: ¿Cuál puede ser la causa, el origen, o fuente del riesgo? | F8: ¿Cuáles pueden ser los efectos o consecuencias de la ocurrencia del riesgo? | K8: Probabilidad | L8: Impacto | M8: Valoración | N8: categoría | Q8: Probabilidad | R8: Impacto | S8: Valoración luego del tratamiento | T8: categoría
A9: 1 | B9: Transporte | C9: 44865 | D9: Cambios en la normativa que modifiquen o imponga nuevas obligaciones tributarias al contratista, siempre y cuando las mismas afecten significativamente y negativamente las cargas económicas del contrato | E9: -Expedición de normas que impongan nuevos tributos, impuestos o cargas para los bienes y servicios contratados. - Modificaciones tributarias que exhoneren de impuestos los bienes y servicios contratados. | F9: -Cargas adicionales a las previstas, que puede afectar a nivel económico y operacional en la ejecución del contrato -Variación significativa en el valor del insumo o del servicio prestado | G9: general | H9: externa | I9: contractual | J9: Financieros | K9: 1 | L9: 4 | M9: {=INDEX([4]Tablas!$K$32:$O$36,MATCH(K9,[4]Tablas!$J$32:$J$36,0),MATCH(L9,[4]Tablas!$K$37:$O$37,0))} -> 10 | N9: =IF(M9<=3,"Bajo",IF(M9=4,"Moderado",IF(M9=5,"Moderado",IF(M9=6,"Moderado",IF(M9=7,"Moderado",IF(M9=8,"Moderado",IF(M9=9,"Moderado",IF(M9=12,"Moderado",IF(M9=13,"Moderado",IF(M9=10,"Alto",IF(M9=11,"Alto",IF(M9=14,"Alto",IF(M9=15,"Alto",IF(M9=16,"Alto",IF(M9=19,"Alto",IF(M9=21,"Alto",IF(M9=23,"Alto",IF(M9=24,"Alto",IF(M9=17,"Extremo",IF(M9=18,"Extremo",IF(M9=20,"Extremo",IF(M9=22,"Extremo",IF(M9=25,"Extremo"))))))))))))))))))))))) -> Alto | O9: Icfes / Contratista | P9: Seguimiento permanente por parte de la supervisión a las nuevas regulaciones en temas de impuestos y aranceles del país. Agotar los procedimientos establecidos en la ley y que procedan frente a los casos de aumento negativo de las cargas económicas del contrato regido por el derecho privado | Q9: 1 | R9: 1 | S9: {=INDEX([4]Tablas!$K$32:$O$36,MATCH(Q9,[4]Tablas!$J$32:$J$36,0),MATCH(R9,[4]Tablas!$K$37:$O$37,0))} -> 1 | T9: =IF(S9<=3,"Bajo",IF(S9=4,"Moderado",IF(S9=5,"Moderado",IF(S9=6,"Moderado",IF(S9=7,"Moderado",IF(S9=8,"Moderado",IF(S9=9,"Moderado",IF(S9=12,"Moderado",IF(S9=13,"Moderado",IF(S9=10,"Alto",IF(S9=11,"Alto",IF(S9=14,"Alto",IF(S9=15,"Alto",IF(S9=16,"Alto",IF(S9=19,"Alto",IF(S9=21,"Alto",IF(S9=23,"Alto",IF(S9=24,"Alto",IF(S9=17,"Extremo",IF(S9=18,"Extremo",IF(S9=20,"Extremo",IF(S9=22,"Extremo",IF(S9=25,"Extremo"))))))))))))))))))))))) -> Bajo | U9: Icfes | V9: Desde la suscripción del contrato | W9: Hasta finalizar la ejecución del contrato | X9: Seguimiento de la normativa durante la ejecución del contrato | Y9: Cada vez que se requiera
A10: 2 | B10: Transporte | C10: 44865 | D10: Variación significativa en los precios de mercado que afecte los insumos necesarios para el desarrollo del objeto del contrato, y que alteren las condiciones inicialmente establecidas para el cumplimiento de las obligaciones pactadas | E10: Variación negativa en las condiciones de mercado -Variación negativa en las condiciones macroeconómicas que afecten la correcta ejecución del contrato -Directrices establecidas por las autoridades que causen afectaciones graves al contratista -Variación de la TRM | F10: -Cargas adicionales a las previstas, que puede afectar a nivel económico y operacional a las dos partes del contrato. | G10: específico | H10: externa | I10: contractual | J10: Financieros | K10: 4 | L10: 2 | M10: {=INDEX([4]Tablas!$K$32:$O$36,MATCH(K10,[4]Tablas!$J$32:$J$36,0),MATCH(L10,[4]Tablas!$K$37:$O$37,0))} -> 13 | N10: =IF(M10<=3,"Bajo",IF(M10=4,"Moderado",IF(M10=5,"Moderado",IF(M10=6,"Moderado",IF(M10=7,"Moderado",IF(M10=8,"Moderado",IF(M10=9,"Moderado",IF(M10=12,"Moderado",IF(M10=13,"Moderado",IF(M10=10,"Alto",IF(M10=11,"Alto",IF(M10=14,"Alto",IF(M10=15,"Alto",IF(M10=16,"Alto",IF(M10=19,"Alto",IF(M10=21,"Alto",IF(M10=23,"Alto",IF(M10=24,"Alto",IF(M10=17,"Extremo",IF(M10=18,"Extremo",IF(M10=20,"Extremo",IF(M10=22,"Extremo",IF(M10=25,"Extremo"))))))))))))))))))))))) -> Moderado | O10: Contratista | P10: Durante la ejecución del contrato y al celebrar las correspondientes modificaciones contractuales, el contratista deberá mantener los valores unitarios ofertados. Nota: Las partes podrán acudir al mecanismo legalmente establecido para su reconocimiento si a ello hubiere lugar. | Q10: 3 | R10: 1 | S10: {=INDEX([4]Tablas!$K$32:$O$36,MATCH(Q10,[4]Tablas!$J$32:$J$36,0),MATCH(R10,[4]Tablas!$K$37:$O$37,0))} -> 5 | T10: =IF(S10<=3,"Bajo",IF(S10=4,"Moderado",IF(S10=5,"Moderado",IF(S10=6,"Moderado",IF(S10=7,"Moderado",IF(S10=8,"Moderado",IF(S10=9,"Moderado",IF(S10=12,"Moderado",IF(S10=13,"Moderado",IF(S10=10,"Alto",IF(S10=11,"Alto",IF(S10=14,"Alto",IF(S10=15,"Alto",IF(S10=16,"Alto",IF(S10=19,"Alto",IF(S10=21,"Alto",IF(S10=23,"Alto",IF(S10=24,"Alto",IF(S10=17,"Extremo",IF(S10=18,"Extremo",IF(S10=20,"Extremo",IF(S10=22,"Extremo",IF(S10=25,"Extremo"))))))))))))))))))))))) -> Moderado | U10: Contratista | V10: Desde la fecha de la suscripción del contrato | W10: Hasta finalizar la ejecución del contrato | X10: Revisión de las variaciones de los precios del mercado | Y10: Cada vez que se requiera
A11: 3 | B11: Transporte | C11: 44865 | D11: Variación sustancial de las cantidades a ejecutar, respecto de las cantidades inicialmente contratadas y/o solicitadas. | E11: Disminución o aumento en la inscripción de examinandos | F11: Variación en el valor del contrato: Mayores y/o menores costos. | G11: general | H11: externa | I11: contractual | J11: Económicos | K11: 5 | L11: 4 | M11: {=INDEX([4]Tablas!$K$32:$O$36,MATCH(K11,[4]Tablas!$J$32:$J$36,0),MATCH(L11,[4]Tablas!$K$37:$O$37,0))} -> 24 | N11: =IF(M11<=3,"Bajo",IF(M11=4,"Moderado",IF(M11=5,"Moderado",IF(M11=6,"Moderado",IF(M11=7,"Moderado",IF(M11=8,"Moderado",IF(M11=9,"Moderado",IF(M11=12,"Moderado",IF(M11=13,"Moderado",IF(M11=10,"Alto",IF(M11=11,"Alto",IF(M11=14,"Alto",IF(M11=15,"Alto",IF(M11=16,"Alto",IF(M11=19,"Alto",IF(M11=21,"Alto",IF(M11=23,"Alto",IF(M11=24,"Alto",IF(M11=17,"Extremo",IF(M11=18,"Extremo",IF(M11=20,"Extremo",IF(M11=22,"Extremo",IF(M11=25,"Extremo"))))))))))))))))))))))) -> Alto | O11: Contratista | P11: La Entidad pagará por las cantidades efectivamente ejecutadas, por lo que el contratista deberá mantener los precios unitarios ofertados en la propuesta económica. Nota: Las partes podrán acudir al mecanismo legalmente establecido para su reconocimiento si a ello hubiere lugar. | Q11: 1 | R11: 2 | S11: {=INDEX([4]Tablas!$K$32:$O$36,MATCH(Q11,[4]Tablas!$J$32:$J$36,0),MATCH(R11,[4]Tablas!$K$37:$O$37,0))} -> 2 | T11: =IF(S11<=3,"Bajo",IF(S11=4,"Moderado",IF(S11=5,"Moderado",IF(S11=6,"Moderado",IF(S11=7,"Moderado",IF(S11=8,"Moderado",IF(S11=9,"Moderado",IF(S11=12,"Moderado",IF(S11=13,"Moderado",IF(S11=10,"Alto",IF(S11=11,"Alto",IF(S11=14,"Alto",IF(S11=15,"Alto",IF(S11=16,"Alto",IF(S11=19,"Alto",IF(S11=21,"Alto",IF(S11=23,"Alto",IF(S11=24,"Alto",IF(S11=17,"Extremo",IF(S11=18,"Extremo",IF(S11=20,"Extremo",IF(S11=22,"Extremo",IF(S11=25,"Extremo"))))))))))))))))))))))) -> Bajo | U11: Contratista | V11: Desde la suscripción del contrato | W11: Hasta finalizar la ejecución del contrato | X11: Una vez concluida la etapa inscripción y registro de los evaluandos, se revisará el cuadro de aplicación definitivo, frente a las cantidades proyectadas para la celebración del contrato. | Y11: Cada vez que se requiera
A12: 4 | B12: Transporte | C12: 44865 | D12: Alteraciones al Orden público, huelgas, asonada, manifestaciones que no permitan el desarrollo de las actividades del contrato | E12: Bloqueo y imposibilidad de acceso a los sitios de aplicación. - Alteraciones a la seguridad pública. | F12: Cese de actividades. -Inaplicabilidad de la prueba. - Aplazamiento de la fecha de aplicación. -Parálisis económica y social. -Cambios en las condiciones de la prueba inicialmente previstas en el proceso. -Demoras en la ejecución de las actividades pactadas contractualmente | G12: general | H12: externa | I12: contractual | J12: Sociales y Políticos | K12: 4 | L12: 3 | M12: {=INDEX([4]Tablas!$K$32:$O$36,MATCH(K12,[4]Tablas!$J$32:$J$36,0),MATCH(L12,[4]Tablas!$K$37:$O$37,0))} -> 14 | N12: =IF(M12<=3,"Bajo",IF(M12=4,"Moderado",IF(M12=5,"Moderado",IF(M12=6,"Moderado",IF(M12=7,"Moderado",IF(M12=8,"Moderado",IF(M12=9,"Moderado",IF(M12=12,"Moderado",IF(M12=13,"Moderado",IF(M12=10,"Alto",IF(M12=11,"Alto",IF(M12=14,"Alto",IF(M12=15,"Alto",IF(M12=16,"Alto",IF(M12=19,"Alto",IF(M12=21,"Alto",IF(M12=23,"Alto",IF(M12=24,"Alto",IF(M12=17,"Extremo",IF(M12=18,"Extremo",IF(M12=20,"Extremo",IF(M12=22,"Extremo",IF(M12=25,"Extremo"))))))))))))))))))))))) -> Alto | O12: Icfes / Contratista | P12: Ejecución de las acciones establecidas en el plan de contingencia entregado por el contratista y aprobado por la supervisión. - Revisión por las partes de las situaciones acaecidas y ejecución de las alternativas para la mitigación del riesgo. | Q12: 1 | R12: 2 | S12: {=INDEX([4]Tablas!$K$32:$O$36,MATCH(Q12,[4]Tablas!$J$32:$J$36,0),MATCH(R12,[4]Tablas!$K$37:$O$37,0))} -> 2 | T12: =IF(S12<=3,"Bajo",IF(S12=4,"Moderado",IF(S12=5,"Moderado",IF(S12=6,"Moderado",IF(S12=7,"Moderado",IF(S12=8,"Moderado",IF(S12=9,"Moderado",IF(S12=12,"Moderado",IF(S12=13,"Moderado",IF(S12=10,"Alto",IF(S12=11,"Alto",IF(S12=14,"Alto",IF(S12=15,"Alto",IF(S12=16,"Alto",IF(S12=19,"Alto",IF(S12=21,"Alto",IF(S12=23,"Alto",IF(S12=24,"Alto",IF(S12=17,"Extremo",IF(S12=18,"Extremo",IF(S12=20,"Extremo",IF(S12=22,"Extremo",IF(S12=25,"Extremo"))))))))))))))))))))))) -> Bajo | U12: Icfes / Contratista | V12: Desde el inicio de la ejecución contrato | W12: Hasta finalizar la ejecución del contrato | X12: Seguimiento permanente al cumplimiento del plan de contingencias entregado por el contratista y aprobado por el supervisor. | Y12: Cada vez que se requiera
A13: 5 | B13: Transporte | C13: 44865 | D13: Modificación de las condiciones ambientales y/o de salubridad que afecten la ejecución del contrato. | E13: Desequilibrio medio-ambiental. -Pandemias, endemias o epidemias - Alteraciones y desastres naturales, tales como temblores, huracanes, lluvias, ect | F13: Cese de actividades. -Inaplicabilidad de la prueba. - Aplazamiento de la fecha de aplicación. -Parálisis económica y social. -Cambios en las condiciones de la prueba inicialmente previstas en el proceso. -Demoras en la ejecución de las actividades pactadas contractualmente | G13: general | H13: externa | I13: contractual | J13: Actos de la naturaleza | K13: 3 | L13: 5 | M13: {=INDEX([4]Tablas!$K$32:$O$36,MATCH(K13,[4]Tablas!$J$32:$J$36,0),MATCH(L13,[4]Tablas!$K$37:$O$37,0))} -> 20 | N13: =IF(M13<=3,"Bajo",IF(M13=4,"Moderado",IF(M13=5,"Moderado",IF(M13=6,"Moderado",IF(M13=7,"Moderado",IF(M13=8,"Moderado",IF(M13=9,"Moderado",IF(M13=12,"Moderado",IF(M13=13,"Moderado",IF(M13=10,"Alto",IF(M13=11,"Alto",IF(M13=14,"Alto",IF(M13=15,"Alto",IF(M13=16,"Alto",IF(M13=19,"Alto",IF(M13=21,"Alto",IF(M13=23,"Alto",IF(M13=24,"Alto",IF(M13=17,"Extremo",IF(M13=18,"Extremo",IF(M13=20,"Extremo",IF(M13=22,"Extremo",IF(M13=25,"Extremo"))))))))))))))))))))))) -> Extremo | O13: Icfes / Contratista | P13: Ejecución de las acciones establecidas en el plan de contingencia entregado por el contratista y aprobado por la supervisión. - Revisión de las partes y ejecución de las alternativas para la mitigación del riesgo. | Q13: 1 | R13: 2 | S13: {=INDEX([4]Tablas!$K$32:$O$36,MATCH(Q13,[4]Tablas!$J$32:$J$36,0),MATCH(R13,[4]Tablas!$K$37:$O$37,0))} -> 2 | T13: =IF(S13<=3,"Bajo",IF(S13=4,"Moderado",IF(S13=5,"Moderado",IF(S13=6,"Moderado",IF(S13=7,"Moderado",IF(S13=8,"Moderado",IF(S13=9,"Moderado",IF(S13=12,"Moderado",IF(S13=13,"Moderado",IF(S13=10,"Alto",IF(S13=11,"Alto",IF(S13=14,"Alto",IF(S13=15,"Alto",IF(S13=16,"Alto",IF(S13=19,"Alto",IF(S13=21,"Alto",IF(S13=23,"Alto",IF(S13=24,"Alto",IF(S13=17,"Extremo",IF(S13=18,"Extremo",IF(S13=20,"Extremo",IF(S13=22,"Extremo",IF(S13=25,"Extremo"))))))))))))))))))))))) -> Bajo | U13: Icfes / Contratista | V13: Desde la adjudicación del proceso. | W13: Hasta finalizar la ejecución del contrato | X13: Seguimiento permanente al cumplimiento del plan de contingencias entregado por el contratista y aprobado por el supervisor. | Y13: Cada vez que se requiera
A14: 6 | B14: Transporte | C14: 44865 | D14: Afectación en los tiempos establecidos en el cronograma para la aplicación de la(s) prueba(s). | E14: - Cambios en la toma de decisiones de los actores involucrados en el proceso de aplicación de la prueba que impacten los cronogramas de la aplicación de la prueba. | F14: Demoras en la ejecución de las actividades de acuerdo con las fechas establecidas en el cronograma de aplicación de la prueba. | G14: específico | H14: interna | I14: Planeación y contractual | J14: Operacionales | K14: 3 | L14: 4 | M14: 12 | N14: Alto | O14: Icfes / Contratista | P14: - Revisión de los plazos inicialmente establecidos para la ejecución del objeto contractual, con el fin de definir las fechas límite para desarrollar las actividades pactadas en el contrato. - Celebrar el comité directivo con el objetivo de revisar las posibilidades de modificar las fechas de aplicación de la(s) prueba(s). | Q14: 2 | R14: 2 | S14: 4 | T14: Moderado | U14: Icfes / Contratista | V14: Desde la celebración del contrato | W14: Hasta el finalización de la ejecución del contrato | X14: Reuniones internas y externas para el seguimiento de los plazos establecidos en el nuevo cronograma de actividades. | Y14: Cada vez que se requiera
A15: 7 | B15: Transporte | C15: 44865 | D15: Fallas en los sistemas de información del contratista | E15: - Caida en los sistemas de red del contratista. - Delitos informaticos. | F15: - Demoras y errores en los procesos de transporte. - Generación de información no confiable. - Demoras en la ejecución de las actividades pactadas en el contrato. - Reprogramacion de pruebas | G15: específico | H15: externa | I15: contractual | J15: Tecnológicos e Infraestructura pública | K15: 1 | L15: 3 | M15: 12 | N15: Alto | O15: Contratista | P15: - Ejecución de las acciones establecidas en el plan de mitigación de riesgos entregado por el contratista y aprobado por la supervisión. - Revisión de las partes y ejecución de las alternativas para la mitigación del riesgo. | Q15: 2 | R15: 3 | S15: 6 | T15: Moderado | U15: Icfes | V15: Desde la etapa contractual | W15: Hasta finalizar la etapa de ejecución | X15: - Seguimiento al sistema de información para verificar el correcto funcionamiento de la herramienta. - Generación de alertas respecto al flujo de información de los sistemas. | Y15: Cada vez que se requiera
A16: 8 | B16: Transporte | C16: 44865 | D16: No prestamo de los sitios de aplicación | E16: Cancelación del préstamo por parte de los directivos del sitio de aplicación y/o instituciones educativas. | F16: - Demoras en la consecución de un nuevo sitio de aplicación. - Traslado de los examinandos al nuevo sitio de aplicación. - Reprogramación de la prueba por inasistencia de los examinandos. - Costos adicionales en capacitación del personal examinador. | G16: específico | H16: externa | I16: contractual | J16: Operacionales | K16: 5 | L16: 5 | M16: 25 | N16: Extremo | O16: Icfes | P16: - Consecusión de nuevo sitios. - Traslado de examinandos. - Reconfirmación de citación a los examinandos. - Confirmación de los examinadores del nuevo sitio de aplicación. - Reprogramación de la aplicación de la prueba cuando aplique. | Q16: 1 | R16: 2 | S16: 2 | T16: Bajo | U16: Icfes | V16: Desde la fecha de la suscripción del contrato | W16: Hasta finalizar el plazo de ejecución del contrato | X16: Hacer comites de seguimiento para validar el contacto y confirmación de cada uno de los sitios de aplicación. | Y16: Cada vez que se requiera
A18: Este es un documento controlado; una vez se descargue o se imprima se considera NO CONTROLADO
AF47: clase | AG47: fuente | AH47: etapa | AI47: tipo | AJ47: probabilidad | AK47: impacto | AL47: valoración | AM47: Responsable | AN47: Periodicidad
AF48: general | AG48: interna | AH48: planeación | AI48: Económicos | AJ48: casi cierto | AK48: catastrófico | AL48: riesgo bajo | AM48: Icfes | AN48: Diaria
AF49: específico | AG49: externa | AH49: precontractual | AI49: Comercial | AJ49: probable | AK49: mayor | AL49: riesgo moderado | AM49: Contratista | AN49: Mensual
AH50: contractual | AI50: Tecnológicos e Infraestructura pública | AJ50: posible | AK50: moderado | AL50: riesgo alto | AM50: Icfes / Contratista | AN50: Trimestral
AH51: liquidación | AI51: Sociales y Políticos | AJ51: improbable | AK51: menor | AL51: riesgo extremo | AN51: Semestral
AI52: Actos de la naturaleza | AJ52: improbable | AK52: menor | AN52: Anual
AI53: Hecho de las cosas | AJ53: improbable | AK53: menor | AN53: Permanente
AI54: Operacionales | AJ54: raro | AK54: insignificante | AN54: Cada vez que se requiera
AI55: Financieros
AI56: Regulatorios y Acciones Legales
AI57: Reputacional
AI58: Corrupción y Fraudes

Sheet Instrucciones
D1: INSTRUCCIONES PARA EL DILIGENCIAMIENTO DE LA MATRIZ DE RIESGOS CONTRACTUALES | R1: Código: GAB-FT020
D2: GESTIÓN DEL ABASTECIMIENTO | R2: Versión: 001
A4: Para la identificación de los riesgos tenga en cuenta las siguientes definiciones:
A10: Riesgo: Posibilidad de que suceda algún evento que tendrá un impacto sobre el cumplimiento de los objetivos. Se expresa en términos de probabilidad y consecuencias. Riesgo Inherente: Es aquel al que se enfrenta una entidad en ausencia de acciones de la dirección para modificar su probabilidad o impacto. Riesgo Residual: Nivel de riesgo que permanece luego de tomar medidas de tratamiento del riesgo. El riesgo en su tendencia más común es valorado como una amenaza, en este sentido, los esfuerzos institucionales se dirigen a reducirlo, evitarlo, transferirlo o mitigarlo; sin embargo, el riesgo puede ser analizado como una oportunidad, lo cual implica que su gestión sea dirigida a maximizar los resultados que éstos generan. Riesgo de Corrupción: La posibilidad de que por acción u omisión, mediante el uso indebido del poder, de los recursos o de la información, se lesionen los intereses de una entidad y en consecuencia del Estado, para la obtención de un beneficio particular”.
A11: Clases de Riesgos:
A13: El Riesgo está vinculado con todo el quehacer; se podría afirmar que no hay actividad que deje de incluir el riesgo como una posibilidad. Los riesgos no son sólo de carácter económico o están únicamente relacionados con entidades financieras o con lo que se ha denominado riesgos profesionales; éstos hacen parte de cualquier gestión que se realice. Entre las clases de riesgos que pueden presentarse, se encuentran: a)Riesgos Económicos: Corresponde a riesgos derivados de alteraciones y fluctuaciones en la tasa de cambio de moneda extranjera, comportamiento de la inflación, variaciones en el comercio nacional e internacional, medidas y trámites de importaciones y exportaciones. Oferta y/o demanda de bienes, materiales, insumos, o servicios, disponibilidad y costo de mano de obra especializada necesarios o requeridos para la ejecución del contrato. b) Comercial: Comprende los riesgos asociados a la pérdida de mercado o demanda del bien o servicio, puede ser causado por fallas propias en la operación, cambios en las condiciones y o características propias del mercado, competencia, substitutos, entre otros. c) Tecnológicos e Infraestructura pública: Se contemplan los riesgos que podrían ocurrir por fallas en los sistemas de telecomunicación de voz y de datos, suspensión de servicios públicos, advenimiento de nuevos desarrollos tecnológicos o estándares que deben ser tenidos en cuenta para la ejecución del contrato, así como la obsolescencia tecnológica. Así mismo, se considera la operatividad y estado de las vías de acceso, la disponibilidad de medios de transporte adecuados para transitar y acceder a los sitios para ejecutar las actividades propias del contrato.
A14: d) Sociales y Políticos: Son los riesgos derivados de los cambios de las políticas gubernamentales y de cambios en las condiciones sociales. Así mismo se consideran los riesgos que sean generados por la alteración del orden público, los actos de terrorismo y actos de delincuencia común que sean cometidos al amparo de fallas de los sistemas de vigilancia y control que se deban implementar y mantener adecuadamente, actividad proselitista, huelgas, y protestas frente a las cuales se debe mantener una actitud de diligencia y cuidado adecuados. También se consideran aquí las costumbres y usos culturales, religiosos y creencias de las personas que se afectan, benefician, o influyen de la ejecución del contrato. e) Actos de la naturaleza: Se refiere a los riesgos que se presenten por actos de la naturaleza, por ejemplo, temblores, terremotos, lluvias, inundaciones, altas temperaturas, sequías, y en general fenómenos geológicos, freáticos, hidrológicos y climáticos. También se consideran incendios forestales, eventos biológicos y patológicos, acción de roedores y otros animales. f) Hecho de las cosas: En este tipo de riesgos se incluyen los que ocurran por incendios, roturas, caídas, colapso, filtraciones, derrames, explosiones, falla mecánica, todos de carácter súbito y accidental, pero cuyo desarrollo debe ser considerado en ejecución del contrato. Los que se presenten por falta de diligencia y extremo cuidado, al igual que los que se deriven de fallas de los sistemas de vigilancia y control que deben ser implementados y mantenidos. g) Operacionales: Son aquellos riesgos derivados durante el desarrollo de procesos, procedimientos, actividades, equipos humanos o técnicos inadecuados o insuficientes. En esta clasificación se incluyen también los riesgos que ocurran por accidentes laborales, enfermedad profesional, muerte, suficiencia y ausentismo del personal del contratista, así como falta de personal clave, actos de empleados ya sean voluntarios o culposos, consecuencia de impericia o falta de habilidades y conocimientos en el manejo de equipos, maquinaria, herramientas y aparatos.
A15: h) Financieros: En este tipo, se incluye (i) el riesgo de consecución de financiación o riesgo de liquidez para obtener recursos para cumplir con el objeto del contrato, el pago de bienes que sean sujetos de disposición final, y (ii) el riesgo de las condiciones financieras establecidas para la obtención de los recursos, tales como plazos, tasas de interés, garantías, contragarantías, y refinanciaciones, entre otros. i) Regulatorios y Acciones Legales: Se refiere a riesgos derivados de cambios regulatorios o reglamentarios que deben ser cumplidos en el marco de la ejecución de un contrato; nuevas normas o disposiciones legales que ya se conocen pero que aún no han entrado en vigor; impuestos, cargas parafiscales, tributos y timbres, estampillas o cargos de origen impositivo de los bienes o servicios necesarios para el contrato; actos de autoridad, comiso, embargo, confiscación y extinción de dominio de bienes. Se incluyen también licencias, permisos y derechos de autor o propiedad intelectual de obras, software, aplicaciones informáticas, entre otros productos. j) Reputacional: En este tipo de riesgos se incluyen acciones, errores u omisiones en los procesos de contratación que afectar la imagen o generen en la ciudadanía percepciones negativas del Icfes. k) Corrupción y Fraudes: Los riesgos derivados de acciones u omisiones, uso indebido del poder, de los recursos o de la información, que lesionen los intereses de la Entidad, para la obtención de un beneficio particular.
A16: ANALISIS Y VALORACIÓN DEL RIESGO Ver numeral del Manual de Riesgos
A18: ANÁLISIS DEL RIESGO: Formato Columnas K-O Se busca establecer la probabilidad de ocurrencia del riesgo y sus consecuencias o impacto, con el fin de estimar la zona de riesgo; en 3 pasos: Determinar la probabilidad: Por PROBABILIDAD se entiende la posibilidad de ocurrencia del riesgo, ésta puede ser medida con criterios de Frecuencia o Factibilidad. Bajo el criterio de FRECUENCIA se analizan el # eventos en un periodo determinado, se trata de hechos que se han materializado o se cuenta con un historial de situaciones o eventos asociados al riesgo. Determinar el impacto: Por IMPACTO se entienden las consecuencias que puede ocasionar a la organización la materialización del riesgo. Se tienen en cuenta las consecuencias potenciales establecidas en el paso 1 de Identificación del riesgo Estimar la valoración: El ejercicio en esta etapa consiste en la comparación del nivel de riesgo estimado en el análisis y de los criterios del riesgo establecidos al definir el contexto. Este campo se encuentra formulado de manera automático.
A19: TRATAMIENTO DEL RIESGO Ver numeral del Manual de Riesgos
A21: TRATAMIENTO DEL RIESGO: Formato Columnas Q-U Se busca confrontar los resultados del análisis de riesgo inicial frente a los controles establecidos, con el fin de determinar la zona de riesgo final. La valoración del riesgo requiere de una evaluación de los controles existentes, lo cual implica: Determinar si los controles están documentados: de forma tal que es posible conocer cómo se lleva a cabo el control, quién es el responsable de su ejecución y cuál es la periodicidad para su ejecución, lo cual determinará las evidencias que van a respaldar la ejecución del mismo.
A22: MONITOREO Y REVISIÓN Ver numeral del Manual de Riesgos
A24: Proponer las acciones para prevenir y mitigar la materialización del riesgo de acuerdo con la valoración del riesgo, indicando ¿cómo? se realiza el monitoreo y su periodicidad.
A25: Este es un documento controlado; una vez se descargue o se imprima se considera NO CONTROLADO

Sheet Tablas
D1: TABLAS PARA EL ANÁLISIS Y VALORACIÓN DE LA MATRIZ DE RIESGOS CONTRACTUALES | Q1: Código: GAB-FT020
D2: GESTIÓN DEL ABASTECIMIENTO | Q2: Versión: 001
H6: Escala de probabilidades
H7: PROBABILIDAD | I7: VALORACIÓN | J7: DESCRIPTOR | L7: DESCRIPCIÓN | N7: FRECUENCIA
I8: 5 | J8: CASI SEGURO | L8: En el último año, se ha materializado el riesgo más de 1 vez | N8: Se espera evento de riesgo más de una vez en el próximo año
I9: 4 | J9: PROBABLE | L9: En el último año, se ha materializado el riesgo 1 vez | N9: Se espera evento de riesgo una vez en el próximo año
I10: 3 | J10: POSIBLE | L10: En los últimos 2 años, se ha materializado el riesgo al menos 1 vez | N10: Se espera evento de riesgo al menos una vez en los próximos 2 años
I11: 2 | J11: IMPROBABLE | L11: En los últimos 5 años, se ha materializado el riesgo al menos 1 vez. | N11: Se espera evento de riesgo más una vez en los próximos 5 años
I12: 1 | J12: RARA VEZ | L12: En los últimos 5 años no se ha materializado el riesgo | N12: Se espera evento de riesgo una vez en los próximos 5 años
H16: Escala cuantitativa de consecuencias/Impacto
H17: Valoración | J17: Los sobrecostos no superan el 1% del valor del contrato. | K17: Genera impacto sobre el valor del contrato entre el 1% y el 5%. | L17: Genera impacto sobre el valor del contrato entre el 5% y el 15%. | M17: Genera impacto sobre el valor del contrato entre el 15% y el 30%. | N17: El impacto sobre el valor del contrato es superior al 30%.
J18: 1 | K18: 2 | L18: 3 | M18: 4 | N18: 5
H19: Calificación Cuantitativa | J19: Insignificante | K19: Menor | L19: Moderado | M19: Mayor | N19: Catastrófico
J20: Consecuencias/Impacto
H23: Escala cualitativa de consecuencias/Impacto
H24: Valoración | J24: Dificulta la ejecución del contrato de manera insignificante. No requiere necesariamente la aplicación de medidas. | K24: Dificulta la ejecución del contrato de manera baja. Aplicando medidas mínimas se puede lograr el objeto contractual. | L24: Afecta la ejecución del contrato moderadamente, sin alterar los beneficios para las partes. | M24: Obstruye la ejecución del contrato sustancialmente pera aun así permite la consecución del objeto contractual. | N24: Perturba la ejecución del contrato de manera grave imposibilitando la consecución del objeto contractual.
J25: 1 | K25: 2 | L25: 3 | M25: 4 | N25: 5
H26: Calificación Cualitativa | J26: Insignificante | K26: Menor | L26: Moderado | M26: Mayor | N26: Catastrófico
J27: Consecuencias/Impacto
H31: Matriz de riesgos
H32: Probabilidad | I32: Casi Cierto | J32: 5 | K32: 15 | L32: 16 | M32: 23 | N32: 24 | O32: 25
I33: Probable | J33: 4 | K33: 9 | L33: 13 | M33: 14 | N33: 21 | O33: 22
I34: Posible | J34: 3 | K34: 5 | L34: 8 | M34: 12 | N34: 19 | O34: 20
I35: Improbable | J35: 2 | K35: 3 | L35: 4 | M35: 7 | N35: 11 | O35: 18
I36: Raro | J36: 1 | K36: 1 | L36: 2 | M36: 6 | N36: 10 | O36: 17
K37: 1 | L37: 2 | M37: 3 | N37: 4 | O37: 5
K38: Insignificante | L38: Menor | M38: Moderado | N38: Mayor | O38: Catastrófico
K39: Consecuencias/Impacto
J42: Valoración de riesgos
J43: Valoración del riesgo | L43: Categoría
J44: 17; 18; 20; 22; 25. | L44: Riesgo Extremo
J45: 10; 11; 14; 15; 16; 19; 21; 23; 24. | L45: Riesgo alto
J46: 4; 5; 6; 7; 8; 9; 12: 13. | L46: Riesgo moderado
J47: 1; 2; 3. | L47: Riesgo bajo
A51: Este es un documento controlado; una vez se descargue o se imprima se considera NO CONTROLADO

Sheet Seguimiento
B1: SEGUIMIENTO A RIESGOS EN PROCESOS CONTRACTUALES | C1: Código: GAB-FT020
B2: GESTIÓN DEL ABASTECIMIENTO | C2: Versión: 001
B6: Metodología para el seguimiento a Riesgos contractuales
B7: A continuación se presentan los parámetros a tener en cuenta en el seguimiento y evaluación de la gestión de riesgos en cada proceso contractual:
B9: EVALUACION EFICACIA: la eficacia se define como el grado en que se realizan las actividades para el cumplimiento de los objetivos y/o resultados planificados; en este caso se evaluó que cada proceso haya cumplido con la política de administración de riesgos y específicamente el avance en el cumplimiento de las acciones que se vienen ejecutando y que se planearon para el control de los riesgos sobre el total de acciones definidas para cumplir en el periodo objeto de seguimiento así:
B10: AVANCE EN EL CUMPLIMIENTO DE LAS ACCIONES= Total de las acciones cumplidas / Total de acciones definidas para cumplir en el período
B12: EVALUACIÓN EFECTIVIDAD. La efectividad se define como medida del impacto de la gestión tanto en el logro de los resultados planificados, como en el manejo de los recursos utilizados y disponibles. En este caso, medimos el impacto de las acciones y/o barreras de control y la efectividad para que el riesgo no se materialice.
B13: EFECTIVIDAD EN LA GESTION DE LOS RIESGOS = NO Materialización del Riesgo - SI Materialización del Riesgo
B15: INDICE DE GESTION DEL RIESGO
B16: corresponde a la sumatoria del 30% de la Implementación de acciones (+) el 70% de la Materialización Riesgo. Para obtener el 100% de la medición del monitoreo y valoración del riesgo.
B18: Índice de Gestión del Riesgo contractual
B19: Eficacia – Cumplimiento de Acciones de control | C19: 0.3
B20: Efectividad – NO Materialización del Riesgo | C20: 0.7
B21: TOTAL | C21: 1
B23: De acuerdo con la matriz de calificación establecidas para eficacia y efectividad, se calcula la gestión total del proceso. El resultado de la gestión de cada proceso contractual se establece en los siguientes rangos:
A24: Gestión De Riesgos contractuales
A25: Cumplió | C25: 90 – 100
A26: Cumplió parcialmente | C26: 60 – 89
A27: No Cumplió | C27: 0 – 59
A28: Este es un documento controlado; una vez se descargue o se imprima se considera NO CONTROLADO

Sheet Monitoreo
D1: MONITOREO A RIESGOS EN PROCESOS CONTRACTUALES | P1: Código: GAB-FT020
D2: GESTIÓN DEL ABASTECIMIENTO | P2: Versión: 001
AF5: SI
B6: MONITOREO Y REVISIÓN | J6: EFICACIA | N6: EFECTIVIDAD | AF6: NO
B7: Proceso Contractual | C7: Fecha de identificación | D7: Tratamiento / Control a ser implementado | E7: ¿Cuándo se inicia el tratamiento? | F7: ¿Cuándo se completa el tratamiento? | G7: ¿Cómo se realiza el monitoreo? | H7: Periodicidad | J7: Total de las acciones cumplidas | K7: Total de acciones definidas para cumplir en el período | L7: Resultado de cumplimiento | N7: ¿El riesgo se ha materializado? | O7: Resultado de cumplimiento | P7: Defina el impacto de la Materializaciòn
B9: =Matriz!#REF! -> #REF! | C9: =Matriz!#REF! -> #REF! | D9: =Matriz!#REF! -> #REF! | E9: =Matriz!#REF! -> #REF! | F9: =Matriz!#REF! -> #REF! | G9: =Matriz!#REF! -> #REF! | H9: =Matriz!#REF! -> #REF! | J9: 5 | K9: 5 | L9: =+J9/K9 -> 1 | N9: NO | O9: =IF(N9="SI",0,100%) -> 1
B10: =Matriz!A14 -> 6 | C10: =Matriz!C14 -> 44865 | D10: =Matriz!P14 -> - Revisión de los plazos inicialmente establecidos para la ejecución del objeto contractual, con el fin de definir las fechas límite para desarrollar las actividades pactadas en el contrato. - Celebrar el comité directivo con el objetivo de revisar las posibilidades de modificar las fechas de aplicación de la(s) prueba(s). | E10: =Matriz!V14 -> Desde la celebración del contrato | F10: =Matriz!W14 -> Hasta el finalización de la ejecución del contrato | G10: =Matriz!X14 -> Reuniones internas y externas para el seguimiento de los plazos establecidos en el nuevo cronograma de actividades. | H10: =Matriz!Y14 -> Cada vez que se requiera | J10: 2 | K10: 2 | L10: =+J10/K10 -> 1 | N10: SI | O10: =IF(N10="SI",0,100%) -> 0
B11: =Matriz!#REF! -> #REF! | C11: =Matriz!#REF! -> #REF! | D11: =Matriz!#REF! -> #REF! | E11: =Matriz!#REF! -> #REF! | F11: =Matriz!#REF! -> #REF! | G11: =Matriz!#REF! -> #REF! | H11: =Matriz!#REF! -> #REF! | J11: 1 | K11: 4 | L11: =+J11/K11 -> 0.25 | N11: SI | O11: =IF(N11="SI",0,100%) -> 0
B12: =Matriz!#REF! -> #REF! | C12: =Matriz!#REF! -> #REF! | D12: =Matriz!#REF! -> #REF! | E12: =Matriz!#REF! -> #REF! | F12: =Matriz!#REF! -> #REF! | G12: =Matriz!#REF! -> #REF! | H12: =Matriz!#REF! -> #REF! | J12: 1 | K12: 1 | L12: =+J12/K12 -> 1 | N12: NO | O12: =IF(N12="SI",0,100%) -> 1
B13: =Matriz!#REF! -> #REF! | C13: =Matriz!#REF! -> #REF! | D13: =Matriz!#REF! -> #REF! | E13: =Matriz!#REF! -> #REF! | F13: =Matriz!#REF! -> #REF! | G13: =Matriz!#REF! -> #REF! | H13: =Matriz!#REF! -> #REF! | J13: 1 | K13: 4 | L13: =+J13/K13 -> 0.25 | N13: NO | O13: =IF(N13="SI",0,100%) -> 1
B14: =Matriz!A15 -> 7 | C14: =Matriz!C15 -> 44865 | D14: =Matriz!P15 -> - Ejecución de las acciones establecidas en el plan de mitigación de riesgos entregado por el contratista y aprobado por la supervisión. - Revisión de las partes y ejecución de las alternativas para la mitigación del riesgo. | E14: =Matriz!V15 -> Desde la etapa contractual | F14: =Matriz!W15 -> Hasta finalizar la etapa de ejecución | G14: =Matriz!X15 -> - Seguimiento al sistema de información para verificar el correcto funcionamiento de la herramienta. - Generación de alertas respecto al flujo de información de los sistemas. | H14: =Matriz!Y15 -> Cada vez que se requiera | J14: 1 | K14: 2 | L14: =+J14/K14 -> 0.5 | N14: NO | O14: =IF(N14="SI",0,100%) -> 1
B15: =Matriz!#REF! -> #REF! | C15: =Matriz!#REF! -> #REF! | D15: =Matriz!#REF! -> #REF! | E15: =Matriz!#REF! -> #REF! | F15: =Matriz!#REF! -> #REF! | G15: =Matriz!#REF! -> #REF! | H15: =Matriz!#REF! -> #REF! | J15: 1 | K15: 1 | L15: =+J15/K15 -> 1 | N15: NO | O15: =IF(N15="SI",0,100%) -> 1
L16: =SUM(L9:L15)/COUNT(L9,L10,L11,L12,L13,L14,L15) -> 0.71428571 | O16: =SUM(O9:O15)/COUNT(O9,O10,O11,O12,O13,O14,O15) -> 0.71428571
B18: CRITERIOS | K18: META: | L18: 0.3 | N18: META: | O18: 0.7
K19: ALCANZADO: | L19: =+(L18*L16)/100% -> 0.21428571 | N19: ALCANZADO: | O19: =+(O18*O16)/100% -> 0.5
B20: AVANCE EN EL CUMPLIMIENTO DE LAS ACCIONES = Total de las acciones cumplidas / Total de acciones definidas para cumplir en el período | K20: Indice de Gestión de Riesgo Contractual | O20: =+L19+O19 -> 0.71428571
B21: EFECTIVIDAD EN LA GESTION DE LOS RIESGOS = NO Materialización del Riesgo - SI Materialización del Riesgo
K22: Gestión De Riesgos contractuales
B23: Eficacia – Cumplimiento de Acciones de control | E23: 0.3 | K23: Cumplió | O23: 90% – 100%
B24: Efectividad – NO Materialización del Riesgo | E24: 0.7 | K24: Cumplió parcialmente | O24: 60% – 89%
B25: TOTAL | E25: 1 | K25: No Cumplió | O25: 0% – 59%
A28: Este es un documento controlado; una vez se descargue o se imprima se considera NO CONTROLADO
